AoeStats
← Ivan

Black Forest

509693584Analyzed
2v2 RM · 5d ago on Sep 27, 2026· 63m 40s· 4 players
Game mode
Random Map
Map size
Medium (4 player)
Population
200
Speed
Normal
Resources
Standard
Victory
Conquest
Starting age
Dark Age
Ending age
Imperial Age
RankedLock teamsTeams togetherTeam positionsShared explorationLock speedFull tech treeHidden civsTurbo modeCheats
Victory
Defeat
🇷🇺 Vietnamese · Russia
715
+13
🇷🇺 Bohemians · Russia
706
+13
🇨🇿 Bulgarians · Czechia
656
-14
🇪🇸 Japanese · Spain
623
-12
Ivan
1:24 Loom
12:04 Feudal Age
12:46 Horse Collar
13:14 Double-Bit Axe
14:32 Stone Mining
15:45 Town Watch
16:35 Wheelbarrow
16:36 Gold Mining
24:17 Castle Age
25:13 Bow Saw
25:05 Heavy Plow
25:45 Gold Shaft Mining
25:43 Gambesons
26:00 Squires
26:05 Scale Mail Armor
26:15 Forging
26:20 Arson
31:56 Imperial Age
30:29 Hand Cart
32:04 Chain Mail Armor
33:20 Crop Rotation
35:47 Stone Shaft Mining
37:09 Capped Ram
47:15 Scale Barding Armor
47:45 Iron Casting
47:08 Town Watch
47:55 Conscription
49:21 Bloodlines
49:11 Husbandry
48:33 Cavalier
49:26 Stirrups
50:04 Chain Barding Armor
50:44 Blast Furnace
50:16 Plate Mail Armor
49:49 Town Patrol
50:08 Pikeman
52:13 Plate Barding Armor
Archaon el Elegido
0:44 Loom
15:25 Feudal Age
15:58 Town Watch
16:58 Wheelbarrow
16:10 Horse Collar
16:18 Double-Bit Axe
20:55 Forging
20:46 Scale Mail Armor
22:01 Fletching
28:19 Castle Age
26:16 Man-at-Arms
26:43 Arson
27:48 Gold Mining
28:45 Gambesons
29:06 Squires
30:20 Iron Casting
29:36 Arson
30:40 Chain Mail Armor
33:29 Wheelbarrow
33:09 Fortified Wall
33:18 Long Swordsman
35:06 Ballistics
34:42 Murder Holes
34:50 Bodkin Arrow
36:01 Bow Saw
40:35 Imperial Age
41:51 Conscription
43:18 Chemistry
45:25 Elite Samurai
47:08 Scale Barding Armor
47:35 Plate Mail Armor
47:50 Gold Shaft Mining
47:29 Pikeman
49:18 Blast Furnace
50:02 Kataparuto
50:50 Halberdier
59:52 Onager
Wolfat
0:27 Loom
16:02 Feudal Age
16:31 Horse Collar
16:39 Double-Bit Axe
20:20 Gold Mining
20:20 Stone Mining
23:02 Castle Age
23:00 Wheelbarrow
22:42 Fletching
23:57 Wheelbarrow
23:27 Town Watch
27:54 Bow Saw
30:44 Heavy Plow
33:13 Thumb Ring
32:29 Elite Skirmisher
35:44 Imperial Age
33:29 Hand Cart
33:15 Town Patrol
33:34 Caravan
35:34 Stone Shaft Mining
35:35 Bloodlines
35:25 Husbandry
37:46 Imperial Skirmisher
37:50 Elite Rattan Archer
38:52 Paper Money
40:23 Two-Man Saw
39:57 Crop Rotation
41:33 Ballistics
42:13 Chemistry
40:56 Elite Battle Elephant
41:37 Husbandry
43:49 Bodkin Arrow
44:00 Scale Barding Armor
43:57 Padded Archer Armor
44:07 Forging
45:46 Guilds
46:06 Coinage
46:39 Squires
46:24 Arson
46:00 Elite Fire Lancer
46:00 Pikeman
47:39 Iron Casting
47:25 Chain Barding Armor
47:20 Leather Archer Armor
47:06 Bracer
47:06 Scale Mail Armor
47:13 Light Cavalry
47:14 Cavalier
49:32 Ring Archer Armor
49:38 Plate Barding Armor
49:11 Siege Engineers
48:47 Treadmill Crane
49:28 Bombard Tower
49:04 Murder Holes
49:20 Masonry
49:24 Fortified Wall
50:36 Chain Mail Armor
49:43 Halberdier
50:48 Bombard Tower
50:34 Herbal Medicine
50:40 Devotion
51:58 Plate Mail Armor
53:19 Plate Mail Armor
52:40 Man-at-Arms
55:05 Paper Money
54:47 Chatras
56:32 Sappers
57:37 Hoardings
59:09 Banking
58:15 Capped Ram
58:16 Onager
59:47 Crossbowman
59:49 Heavy Cavalry Archer
63:14 Long Swordsman
Wateron
0:58 Loom
13:59 Feudal Age
16:28 Double-Bit Axe
18:57 Castle Age
17:21 Horse Collar
17:37 Town Watch
20:28 Bow Saw
22:13 Fervor
24:36 Wheelbarrow
24:01 Town Patrol
25:25 Heavy Plow
26:31 Chemistry
26:10 Scale Mail Armor
26:54 Fletching
27:08 Guard Tower
29:17 Bodkin Arrow
31:09 Ballistics
36:55 Imperial Age
36:32 Chain Mail Armor
36:18 Murder Holes
36:37 Fortified Wall
37:45 Ballistics
46:40 Hand Cart
47:53 Caravan
50:08 Two-Man Saw
51:01 Pikeman
52:17 Plate Mail Armor
51:46 Halberdier
56:00 Squires
60:49 Houfnice
Connection lost

Rejoining the realm…

Still unreachable

The connection could not be restored.

Session expired

The server has moved on; the page needs a fresh start.